 Dungeon Crawl Stone Soup version 0.21.1-1-g345015f (webtiles) character file.

183 yevrey the Insei (level 5, -4/42 HPs)
             Began as a Draconian Transmuter on Apr 11, 2018.
             Slain by an orc priest
             ... wielding a +0 trident
              (7 damage)
             ... on level 4 of the Dungeon.
             The game lasted 00:08:28 (3888 turns).

yevrey the Insei (Draconian Transmuter)             Turns: 3888, Time: 00:08:28

Health: -4/42      AC:  2    Str: 12    XL:     5   Next: 35%
Magic:  5/9        EV: 19    Int: 14    God:
Gold:   216        SH:  0    Dex: 17    Spells: 3/9 levels left

rFire    . . .     SeeInvis .     - Unarmed
rCold    . . .     Gourm    .   (shield currently unavailable)
rNeg     . . .     Faith    .   (armour unavailable)
rPois    x         Spirit   .   (helmet currently unavailable)
rElec    .         Reflect  .   (cloak currently unavailable)
rCorr    .         Harm     .   (gloves currently unavailable)
MR       .....                  (boots currently unavailable)
Stlth    ++........             (no amulet)
HPRegen  0.14/turn              (no ring)
MPRegen  0.11/turn              (no ring)

@: spider-form (expiring)
A: tiny, unfitting armour, AC +5
a: End Transformation


You were on level 4 of the Dungeon.
You were not hungry.
You were a venomous arachnid creature.
You visited 1 branch of the dungeon, and saw 4 of its levels.

You collected 216 gold pieces.

Inventory:

Missiles
 a - 29 arrows
 d - 4 curare-tipped needles
Jewellery
 q - a cursed ring of loudness {unknown}
 r - an uncursed ring of protection from cold {unknown}
Scrolls
 f - 2 scrolls of teleportation {unknown}
 h - 4 scrolls of identify {unknown}
 j - a scroll of fear {unknown}
 l - 2 scrolls of remove curse {unknown}
 m - a scroll of noise {unknown}
 o - a scroll of random uselessness {unknown}
Potions
 e - 2 potions of haste {unknown}
 g - 3 potions of curing
 i - a potion of invisibility {unknown}
 k - 3 potions of agility {unknown}
 n - a potion of mutation {unknown}
 p - a potion of magic {unknown}
 s - 2 potions of degeneration {unknown}
Books
 b - a book of Changes

   Spells                             Type                      Level
   a - Beastly Appendage              Transmutation                1
   b - Sticks to Snakes               Transmutation                2
   c - Spider Form                    Transmutation/Poison         3
   d - Ice Form                       Ice/Transmutation            4
   e - Blade Hands                    Transmutation                5
Comestibles
 c - a ration


   Skills:
 * Level 2.7 Fighting
 - Level 1.7 Dodging
 + Level 4.2 Unarmed Combat
 + Level 2.9 Spellcasting
 + Level 2.8 Transmutations
 * Level 1.4 Poison Magic


You had 3 spell levels left.
You knew the following spells:

 Your Spells              Type           Power        Failure   Level  Hunger
a - Beastly Appendage     Tmut           #.....       19%         1    #......
b - Sticks to Snakes      Tmut           #.......     26%         2    ##.....
c - Spider Form           Tmut/Pois      #.........   47%         3    ###....


Dungeon Overview and Level Annotations

Branches:
Dungeon (4/15)
 Temple: D:4-7

Altars:
Cheibriados
Okawaru
Wu Jian

Shops:
D:4 =


Innate Abilities, Weirdness & Mutations

((Your plain brown scales are hard. (AC +5)))
You cannot fit into any form of body armour.
((You are cold-blooded and may be slowed by cold attacks.))


Message History

Beogh smites you!
* * * LOW HITPOINT WARNING * * *
You hit the orc wizard.
The orc wizard looks as sick as possible!
The orc wizard is severely wounded.
Your transformation is almost over.
The orc wizard completely misses you.
You hit the orc wizard.
The orc wizard looks as sick as possible!
The orc wizard is almost dead.
You kill the orc wizard!
The orc barely misses you.
You bite the orc!
You kill the orc!
The orc priest closely misses you.
An orc comes into view. It is wielding a trident.
The orc priest misses you.
You closely miss the orc.
The orc priest hits you from afar with a trident!
You die...

.............####
#...#..##.####
.........##.#######.......#..#
#
.........#..#.........#.#...##
#
<........#..#...........#..##
#
#######.##...$........###.###
# #.#...#.........# #...#
#.#..##.........# #.#.#####
#.....# #....# ##.#.##...
......###s#### #..#.##...
.......#)o## #.##.##...
.......#.o.# ##.........
.......#...#####...##.#...
..oo...o)........####.#...
.......>...####..# #.....
..........## #.## ###...
......#...# #.# #..#
.....##<..# ..# ....


You could see an orc priest and 2 orcs.

Vanquished Creatures
  An orc priest (D:4)
  An orc wizard (D:4)
  Natasha (D:2)
  4 adders
  An ooze (D:2)
  4 worms
  7 orcs
  2 ball pythons
  5 bats
  4 giant cockroaches
  5 goblins
  5 hobgoblins
  A quokka (D:2)
  4 frilled lizards
  4 kobolds (D:1)
  A leopard gecko skeleton (D:4)
  3 rats
53 creatures vanquished.

Notes
Turn   | Place    | Note
-------+----------+-------------------------------------------
     0 | D:1      | yevrey the Draconian Transmuter began the quest for the Orb.
     0 | D:1      | Reached XP level 1. HP: 16/16 MP: 3/3
   149 | D:1      | Reached XP level 2. HP: 1/23 MP: 3/5
   240 | D:1      | Learned a level 2 spell: Sticks to Snakes
  1067 | D:1      | Reached XP level 3. HP: 27/29 MP: 3/6
  1072 | D:1      | Learned a level 3 spell: Spider Form
  1313 | D:3      | Noticed Natasha
  1325 | D:2      | Killed Natasha
  1648 | D:2      | Found an ornate altar of the Wu Jian Council.
  1847 | D:2      | Found a snail-covered altar of Cheibriados.
  2078 | D:3      | Reached XP level 4. HP: 33/36 MP: 5/7
  2103 | D:3      | Found an iron altar of Okawaru.
  3190 | D:3      | Reached skill level 4 in Unarmed Combat
  3615 | D:4      | Found Maho Peo's Jewellery Shoppe.
  3878 | D:4      | Reached skill level 1 in Poison Magic
  3878 | D:4      | Reached XP level 5. HP: 13/42 MP: 7/9
  3882 | D:4      | HP: 2/42 [orc priest/divine providence (12)]
  3888 | D:4      | Slain by an orc priest

Skill      XL: |  1  2  3  4 |
---------------+-------------+-----
Fighting       | 2 |  2.7
Unarmed Combat | 4 |  4.2
Poison Magic   | 1 |  1.4
Dodging        | |  1.7
Spellcasting   | |  2.9
Transmutations | |  2.8

Action                   |  1- 3 |  4- 6 || total
-------------------------+-------+-------++-------
Melee: Unarmed           |   123 |    79 ||   202
       Headbutt          |     5 |       ||     5
       Tailslap          |    10 |     3 ||    13
       Punch             |     2 |     2 ||     4
       Kick              |     2 |     2 ||     4
 Cast: Beastly Appendage |    16 |     3 ||    19
       Sticks to Snakes  |     4 |       ||     4
       Spider Form       |     4 |    10 ||    14
 Abil: End Transformatio |     1 |     2 ||     3
 Stab: Distracted        |     1 |       ||     1
       Sleeping          |       |     1 ||     1
  Eat: Chunk             |     2 |     5 ||     7
       Ration            |     1 |     1 ||     2
Armor: Skin              |    33 |    11 ||    44
Dodge: Dodged            |    75 |    68 ||   143
